 Dungeon Crawl Stone Soup version 0.31-a0-174-g85c54bcb58 (webtiles) character file.

Game seed: 11777728337827846134

49 Anon1729 the Trooper (level 3, 0/33 HPs)
             Began as a Minotaur Monk on June 15, 2023.
             Succumbed to a gnoll's poison
             ... on level 2 of the Dungeon.
             The game lasted 00:01:18 (720 turns).

Anon1729 the Trooper (Minotaur Monk)                 Turns: 720, Time: 00:01:19

Health: 0/33       AC:  2    Str: 15    XL:     3   Next: 51%
Magic:  2/2        EV: 13    Int:  7    God:
Gold:   75         SH:  0    Dex: 14    Spells: 2/2 levels left

rFire   . . .        a - +0 short sword
rCold   . . .        d - orb {light}
rNeg    . . .        b - +0 robe
rPois   .            (helmet restricted)
rElec   .            (no cloak)
rCorr   .            (no gloves)
SInv    .            (no boots)
Will    +....        (no amulet)
Stlth   +            (no ring)
HPRegen 0.25/turn    (no ring)
MPRegen 0.08/turn

%: no passive effects
@: confused, lethally poisoned (0 -> -21), ambrosia-drunk, enlightened, flying,
glowing
A: horns 2, retaliatory headbutt
a: no special abilities


You were on level 2 of the Dungeon.
You visited 1 branch of the dungeon, and saw 2 of its levels.

You collected 75 gold pieces.

Inventory:

Hand Weapons
 a - a +0 short sword (weapon)
Armour
 b - a +0 robe (worn)
 d - an orb of light (worn)
 k - a +2 pair of gloves
Scrolls
 e - 2 scrolls of identify {unknown}
 g - a scroll of silence {unknown}
 h - a scroll of brand weapon {unknown}
 j - a scroll of noise {unknown}
 l - a scroll of fog {unknown}
 m - a scroll of enchant weapon {unknown}
Potions
 i - a potion of degeneration {unknown}


   Skills:
 + Level 4.2 Fighting
 + Level 3.8 Short Blades
 + Level 0.8 Armour
 + Level 3.8 Dodging
 + Level 0.6 Invocations


You had 2 spell levels left.
You didn't know any spells.
Your spell library was empty.

Dungeon Overview and Level Annotations

Branches:
Dungeon (2/15)

Altars:


Innate Abilities, Weirdness & Mutations

You have a pair of horns on your head.
You reflexively headbutt those who attack you in melee.


Message History

You see here a scroll labelled SUWNUAVOTZE.
You see here a fuming green potion.
A bat comes into view.
The bat hits you. The bat hits you but does no damage.
The bat hits you but does no damage. The bat misses you.
You furiously retaliate!
You headbutt the bat.
You kill the bat!
You enter the shallow water.
Moving in this stuff is going to be slow.
The gnoll hits you with a +2 whip of venom.
You are poisoned.
The gnoll hits you with a +2 whip of venom!
You are lethally poisoned!
You are too injured to fight recklessly!
You are too injured to fight recklessly!
You are too injured to fight recklessly!
You are too injured to fight recklessly!
You are too injured to fight recklessly!
You are too injured to fight recklessly!
You are too injured to fight recklessly!
You are too injured to fight recklessly!
You are too injured to fight recklessly!
You are too injured to fight recklessly!
You are too injured to fight recklessly!
You hit the gnoll.
The gnoll is lightly wounded.
* * * LOW HITPOINT WARNING * * *
You feel very sick.
* * * LOW HITPOINT WARNING * * *
You feel very sick.
You are confused.
You feel invigorated.
You feel sick.
The gnoll hits you with a +2 whip of venom!
* * * LOW HITPOINT WARNING * * *
You are more poisoned.
It was a potion of enlightenment.
You feel very buoyant.
You fly up into the air.
You die...

.# #.# ######.##.##
.##### #.#####
#...........
.....####.....###.....#
.........####.#.......#
................#...†.#
.#.##.##.#..#.#.#...<.#
.#.##.##.#..###.#######
.#################
###~~~~~~~~~~#gg@#
~~~~~~# ####~g###
##########~~~~~#
.....#~~~~~#####
###########~~~# #~~~###
#g~### ~~~~~~#####~~~~#
####~~g~~~~~~###
###~g~#####


You could see 2 gnolls and a goblin.

Vanquished Creatures
  A gnoll (D:2)
  4 bats
  6 endoplasms
  3 goblins
  3 hobgoblins (D:1)
  2 jackals (D:1)
  2 quokkas (D:1)
  4 ball pythons (D:1)
  A frilled lizard (D:1)
  4 kobolds
  6 rats
36 creatures vanquished.

Notes
Turn   | Place    | Note
-------+----------+-------------------------------------------
     0 | D:1      | Anon1729 the Minotaur Monk began the quest for the Orb.
     0 | D:1      | Reached XP level 1. HP: 19/19 MP: 0/0
   139 | D:1      | Reached XP level 2. HP: 25/27 MP: 1/1
   150 | D:1      | Reached skill level 4 in Fighting
   335 | D:1      | Reached XP level 3. HP: 7/33 MP: 2/2
   336 | D:1      | HP: 1/33 [rat (2)]
   719 | D:2      | HP: 1/33 [gnoll/+2 whip of venom (7)]
   720 | D:2      | Succumbed to a gnoll's poison

Illustrated notes

Levels and vault maps discovered:
D:1:      nzn_arrival_crosshair, layout_rooms, minmay_pentomino_o4
D:2:      layout_loops_cross, basic_altar, serial_rivers,
          chequers_serial_rivers_room_b, chequers_serial_rivers_micro_b,
          chequers_serial_rivers_micro_a, chequers_serial_rivers_large_b,
          chequers_serial_rivers_micro_c, chequers_serial_rivers_small_a

Skill      XL: |  1  2 |
---------------+-------+-----
Fighting       | 4 |  4.2
Short Blades   | |  3.8
Armour         | |  0.8
Dodging        | |  3.8
Invocations    | |  0.6

Action                     || total
---------------------------++-------
  Melee: Short sword       ||    70
         Headbutt          ||    12
    Use: Potion            ||     2
 Armour: Robe              ||    13
  Dodge: Dodged            ||    49

Table legend: (Time is in decaauts)
 A = Elapsed time spent in this place.
 B = Non-inter-level travel time spent in this place.
 C = Inter-level travel time spent in this place.
 D = Time resting spent in this place.
 E = Time spent auto-exploring this place.
 F = Levels seen in this place.
 G = Mean time per level.
                   A        B        C        D        E       F      G
               +--------+--------+--------+--------+--------+-----+--------+
         Total |    722 |    722 |      0 |     49 |    422 |   2 |  361.0 |
       Dungeon |    722 |    722 |      0 |     49 |    422 |   2 |  361.0 |
               +--------+--------+--------+--------+--------+-----+--------+

Top non-repeatable levels by time:
     D:2: 389 daAuts
     D:1: 333 daAuts
